Map: Acid Plant LE

Players

Neuro

  • Race: Zerg Zerg
  • League: Grandmaster
  • Spawn Location: 5:00

PiG - Winner!

  • Race: Terran Terran
  • League: Grandmaster
  • Spawn Location: 11:00

VOD

https://www.youtube.com/watch?v=pNFgwmZgI5Q

Description

Time

  • Played on: April 25, 2018, 7:48 p.m.
  • Length: 24:43
Show
View Real Time Build Order
Export as new Build Order

Neuro Zerg 

Build Orders: Hatch First, Swarm Host 

Get SALT Encoding   

  12  0:01  Drone  
  13  0:12  Overlord  
  13  0:17  Drone  
  14  0:31  Drone x2  
  16  0:35  Drone  
  17  0:51  Hatchery  
  17  0:54  Drone  
  17  0:57  Drone  
  18  1:08  Extractor  
  17  1:13  Spawning Pool  
  17  1:15  Drone  
  17  1:18  Drone  
  18  1:31  Drone  
  19  1:40  Overlord  
  19  1:50  Drone  
  20  2:00  Queen  
  22  2:02  Zergling x2  
  22  2:04  Queen  
  22  2:05  Zergling x2  
  26  2:19  Hatchery  
  26  2:21  Drone  
  26  2:25  Drone  
  26  2:27  Drone  
  28  2:31  Drone  
  28  2:35  Drone  
  30  2:40  Drone  
  30  2:43  Metabolic Boost  
  31  2:49  Overlord  
  31  2:56  Pneumatized Carapace  
  31  2:59  Drone x2  
  31  3:01  Drone  
  34  3:07  Drone  
  34  3:08  Drone  
  36  3:15  Drone x4  
  36  3:19  Drone x2  
  42  3:25  Overlord  
  42  3:29  Drone  
  42  3:32  Zergling x2  
  44  3:38  Queen x2  
  44  3:40  Overlord  
  48  3:50  Zergling x8  
  52  3:58  Queen  
  52  3:59  Overlord  
  52  4:01  Drone x2  
  56  4:06  Overlord  
  56  4:11  Roach Warren, Drone x2  
  57  4:21  Drone x3  
  57  4:23  Lair  
  59  4:34  Overlord x3  
  59  4:37  Drone  
  60  4:39  Evolution Chamber, Extractor  
  60  4:40  Evolution Chamber  
  60  4:44  Queen  
  59  4:47  Drone x3  
  62  4:57  Drone x2  
  62  4:58  Drone x7  
  71  5:01  Overlord  
  71  5:10  Overlord x2  
  71  5:14  Extractor  
  71  5:15  Zerg Ground Armor Level 1  
  71  5:19  Extractor, Spore Crawler  
  71  5:20  Spore Crawler  
  67  5:24  Zerg Missile Weapons Level 1  
  67  5:29  Roach  
  67  5:31  Zergling x14  
  76  5:48  Roach x4  
  76  6:02  Roach  
  76  6:03  Roach x2  
  72  6:05  Drone x8  
  72  6:10  Overseer  
  78  6:14  Drone  
  78  6:15  Extractor  
  74  6:21  Drone x6  
  74  6:22  Drone  
  74  6:24  Queen x2  
  85  6:35  Glial Reconstitution  
  85  6:40  Spore Crawler  
  85  6:45  Drone x6  
  85  6:46  Hydralisk Den  
  89  6:47  Extractor, Hatchery  
  89  6:52  Roach x4  
  95  6:57  Overlord  
  95  7:05  Overlord  
  95  7:06  Overlord  
  95  7:10  Queen  
  97  7:15  Zerg Ground Armor Level 2  
  97  7:22  Drone x3  
  100  7:23  Drone  
  101  7:30  Zerg Missile Weapons Level 2  
  101  7:32  Grooved Spines  
  101  7:33  Roach  
  101  7:34  Infestation Pit  
  101  7:35  Drone x6  
  108  7:45  Roach x8  
  124  7:55  Roach x2  
  124  7:59  Queen  
  124  8:04  Roach x6  
  132  8:11  Hive  
  132  8:21  Overlord x2  
  132  8:22  Overlord x3  
  126  8:37  Overlord  
  126  8:42  Hydralisk  
  126  8:43  Hydralisk x8  
  126  8:47  Extractor  
  143  8:49  Extractor  
  139  8:59  Hydralisk x3  
  137  9:03  Drone x7  
  144  9:12  Overlord x2  
  144  9:25  Viper x3  
  144  9:27  Overlord x3  
  153  9:33  Overseer  
  153  9:39  Overlord x2  
  153  9:46  Overlord, Hydralisk x7  
  161  10:01  Zerg Missile Weapons Level 3  
  161  10:04  Drone x4  
  161  10:16  Hydralisk x8  
  177  10:38  Hydralisk x4  
  177  10:39  Hydralisk x4  
  169  11:08  Hydralisk  
  169  11:09  Hydralisk x10  
  163  11:16  Hydralisk x3  
  147  11:19  Drone x6  
  151  11:29  Roach  
  151  11:30  Roach x4  
  161  11:33  Drone x3  
  164  11:48  Hydralisk  
  164  11:49  Hydralisk x5  
  176  11:58  Viper  
  176  11:59  Viper  
  182  12:03  Roach x7  
  182  12:04  Drone x2  
  182  12:05  Drone x2  
  188  12:20  Ravager x3  
  188  12:27  Spine Crawler  
  188  12:28  Spine Crawler  
  178  12:42  Hydralisk x8  
  178  12:43  Hydralisk  
  192  12:48  Spine Crawler  
  192  12:49  Spine Crawler  
  185  13:07  Hydralisk x8  
  184  13:39  Zergling x6  
  184  13:40  Zergling x10  
  185  13:51  Hydralisk x8  
  175  13:58  Viper  
  175  13:59  Viper x3  
  181  14:12  Overlord  
  181  14:13  Overlord x2  
  172  14:25  Overlord x3  
  172  14:27  Swarm Host x4  
  182  14:37  Swarm Host x4  
  188  14:44  Hydralisk x2  
  189  14:57  Swarm Host  
  189  14:58  Swarm Host x3  
  193  15:10  Swarm Host x2  
  183  15:28  Swarm Host x5  
  189  15:37  Hydralisk  
  189  15:38  Hydralisk x2  
  185  16:19  Hydralisk x9  
  191  16:26  Hydralisk x4  
  196  16:37  Hatchery  
  184  16:45  Drone x2  
  184  16:46  Drone  
  187  16:47  Overseer  
  187  17:07  Hydralisk x6  
  185  17:57  Spore Crawler  
  184  18:11  Extractor  
  183  18:19  Viper x5  
  198  18:28  Drone x2, Spine Crawler  
  198  18:29  Drone  
  198  18:30  Spine Crawler  
  198  18:31  Overseer  
  199  18:50  Unknown  
  199  19:06  Zerg Ground Armor Level 3, Zerg Melee Weapons Level 1  
  199  19:08  Drone  
  200  19:12  Overlord x2  
  200  19:14  Extractor  
  179  19:42  Unknown  
  179  19:44  Unknown  
  173  19:49  Hydralisk  
  173  19:50  Hydralisk x7  
  184  20:08  Overseer  
  184  20:12  Hydralisk x6  
  196  20:35  Unknown  
  192  20:48  Drone  
  192  20:49  Drone x2  
  183  20:55  Hydralisk  
  183  20:56  Hydralisk x7  
  199  21:06  Hatchery  
  196  21:29  Unknown  
  196  21:30  Hydralisk  
  196  21:31  Hydralisk x11  
  158  21:56  Hydralisk x6  
  158  21:57  Hydralisk  
  160  22:15  Hydralisk x5  
  150  22:16  Hydralisk  
  161  22:28  Hydralisk x3  
  155  22:54  Hydralisk x6  
  150  23:17  Hydralisk x8  
  146  23:23  Hydralisk x2  
  132  23:36  Hydralisk x6  
  143  23:51  Hydralisk x4  
  139  24:13  Hydralisk  
  139  24:14  Hydralisk x3  
Show
View Real Time Build Order
Export as new Build Order

PiG Terran - Winner!

Build Orders: Reaper Expand, Hellion Banshee, Mech 

Get SALT Encoding   

  12  0:01  SCV  
  13  0:13  SCV  
  14  0:17  Supply Depot  
  14  0:25  SCV  
  15  0:39  SCV  
  15  0:41  Barracks  
  16  0:45  Refinery  
  16  0:51  SCV  
  17  1:03  SCV  
  18  1:15  SCV  
  19  1:29  Reaper, Orbital Command  
  20  1:40  Command Center  
  20  1:49  Supply Depot  
  20  1:56  SCV  
  20  2:00  Marine  
  22  2:04  Factory  
  22  2:08  SCV  
  23  2:11  Refinery  
  23  2:20  SCV  
  23  2:22  Barracks Reactor  
  24  2:32  SCV  
  25  2:47  SCV  
  26  2:51  Starport  
  26  2:55  Orbital Command  
  26  3:03  Hellion  
  26  3:04  Hellion, SCV  
  26  3:05  Barracks Tech Lab  
  31  3:16  SCV  
  31  3:22  SCV  
  31  3:25  Hellion x2  
  36  3:28  SCV  
  37  3:34  Supply Depot  
  37  3:36  Viking  
  37  3:37  SCV  
  37  3:40  SCV  
  41  3:49  Supply Depot, SCV  
  41  3:52  SCV  
  41  3:53  Hellion  
  45  3:56  Hellion  
  45  4:01  SCV  
  48  4:05  SCV  
  48  4:06  Banshee  
  52  4:13  SCV  
  52  4:15  Command Center  
  53  4:28  SCV  
  53  4:29  SCV  
  55  4:31  Cyclone x2  
  55  4:32  Armory  
  61  4:40  SCV, Refinery  
  61  4:42  Refinery  
  61  4:44  Supply Depot  
  62  4:47  Barracks Tech Lab  
  62  5:05  SCV x2  
  64  5:13  Hellion x2  
  66  5:18  SCV x2  
  68  5:22  Factory  
  68  5:23  Factory  
  68  5:25  Supply Depot  
  68  5:26  Starport Reactor  
  68  5:27  Orbital Command  
  68  5:28  Supply Depot, Barracks Reactor  
  68  5:30  SCV x2  
  70  5:42  SCV x2  
  72  5:54  SCV  
  71  6:00  SCV x2  
  71  6:01  Terran Vehicle Weapons Level 1  
  71  6:02  Hellion x2  
  66  6:07  Factory  
  66  6:09  SCV  
  65  6:13  Orbital Command, SCV  
  60  6:18  Thor  
  60  6:19  Thor  
  60  6:23  Supply Depot  
  60  6:25  SCV x2  
  73  6:27  Medivac, Refinery  
  73  6:28  Medivac  
  73  6:31  Refinery  
  78  6:37  SCV  
  78  6:38  Armory  
  79  6:41  Hellion x2  
  79  6:42  SCV  
  79  6:45  Supply Depot  
  79  6:46  SCV  
  85  6:49  SCV  
  86  6:54  SCV  
  86  6:56  Hellion  
  86  6:58  SCV  
  90  7:01  Siege Tank, SCV  
  90  7:08  Supply Depot  
  94  7:12  Siege Tank  
  94  7:13  Hellion x2  
  102  7:15  SCV x3  
  102  7:21  Supply Depot  
  102  7:22  Viking  
  106  7:23  Supply Depot  
  106  7:26  Terran Vehicle And Ship Armor Level 1  
  106  7:27  SCV  
  107  7:32  Factory  
  107  7:35  SCV, Factory x2  
  108  7:37  Siege Tank  
  111  7:48  SCV  
  111  7:49  SCV  
  111  7:50  Supply Depot  
  116  7:51  Siege Tank, Hellion  
  116  7:53  Supply Depot  
  118  8:00  Hellion  
  118  8:01  Hellion, Viking  
  124  8:09  Siege Tank  
  124  8:11  Hellion  
  129  8:13  Hellion  
  129  8:23  Siege Tank, Hellion  
  134  8:33  SCV x2  
  136  8:37  Hellion  
  136  8:38  Factory Tech Lab x2, Hellion  
  136  8:39  Factory Tech Lab  
  140  8:41  Siege Tank  
  140  8:42  Command Center  
  140  8:44  Supply Depot  
  140  8:45  Supply Depot  
  143  8:55  Siege Tank  
  146  9:06  Hellion x5  
  146  9:13  Thor  
  146  9:15  Engineering Bay  
  146  9:16  SCV  
  153  9:19  Terran Vehicle Weapons Level 2  
  153  9:21  Terran Vehicle And Ship Armor Level 2  
  153  9:22  Siege Tank  
  153  9:23  Supply Depot x2, Hellion  
  158  9:25  Siege Tank  
  158  9:26  Hellion  
  158  9:27  Siege Tank  
  166  9:34  Refinery  
  166  9:36  Refinery  
  166  9:44  Siege Tank, Viking x2  
  173  10:06  Siege Tank, Thor  
  182  10:07  Hellion  
  182  10:16  Building Armor  
  182  10:28  Command Center  
  182  10:35  Siege Tank x2, Hellion x2, Thor  
  192  10:41  Starport  
  198  10:45  Missile Turret  
  198  10:46  Missile Turret  
  196  11:02  Viking x2  
  177  11:07  Hellion x3  
  177  11:10  Siege Tank x2  
  177  11:11  Hellion x2  
  139  11:22  Planetary Fortress, SCV  
  139  11:24  Siege Tank, Missile Turret  
  139  11:25  Hellion  
  145  11:31  Siege Tank  
  145  11:32  Starport Tech Lab, Hellion x2, Viking x2  
  156  11:45  Refinery  
  156  11:55  Refinery  
  156  12:00  Infernal Pre-Igniter  
  156  12:02  Siege Tank, Viking  
  156  12:03  Viking x2  
  156  12:04  Siege Tank x2  
  156  12:05  Hellion x6  
  183  12:11  Smart Servos  
  177  12:26  Hellion x3  
  181  12:45  Planetary Fortress  
  181  12:48  Missile Turret  
  181  12:58  Siege Tank x2, Hellion x2  
  183  13:13  Command Center  
  158  13:36  Siege Tank, Hellion x3  
  158  13:37  Thor  
  173  13:45  Viking x2  
  173  13:46  Siege Tank  
  178  13:49  Hellion  
  178  13:53  Thor x2  
  172  13:57  Hellion  
  172  14:01  Hellion x2  
  166  14:02  Terran Vehicle Weapons Level 3  
  166  14:03  Terran Vehicle And Ship Armor Level 3  
  166  14:04  Corvid Reactor  
  166  14:09  Hellion  
  168  14:10  Starport  
  168  14:11  Starport, SCV x4  
  159  14:31  Siege Tank x3, Hellion  
  166  14:32  Hellion x3  
  166  14:35  Viking x2  
  166  14:37  Hellion x7  
  178  14:44  Raven  
  174  14:45  Barracks  
  173  14:57  Hellion x2  
  177  15:03  Siege Tank, Hellion  
  177  15:04  Starport Tech Lab  
  177  15:05  Starport Tech Lab  
  182  15:27  Raven, Command Center x2  
  155  15:53  Raven x2  
  155  15:54  Siege Tank x2, Hellion, Thor x2  
  155  15:55  Hellion x2  
  183  16:10  Raven  
  175  16:14  Siege Tank, Hellion  
  178  16:20  Hellion x2  
  163  16:26  Siege Tank, Thor  
  159  16:41  Siege Tank x2  
  159  16:42  Hellion x2  
  159  16:45  Raven x2  
  173  16:52  Raven  
  175  16:57  Barracks  
  175  16:58  Barracks, Terran Ship Weapons Level 1  
  175  16:59  Terran Infantry Weapons Level 1  
  175  17:01  Engineering Bay  
  157  17:28  Raven x2  
  158  17:36  Siege Tank x3  
  161  17:37  Siege Tank  
  161  17:40  Raven  
  166  17:46  Command Center  
  166  17:48  Orbital Command x2  
  166  17:49  Barracks Tech Lab  
  166  17:50  Barracks Tech Lab  
  166  17:52  Terran Infantry Armor Level 1  
  166  17:57  Ghost Academy  
  166  17:59  Ghost Academy  
  166  18:03  Siege Tank  
  166  18:04  Hellion x3  
  169  18:08  Siege Tank  
  169  18:09  Hellion  
  169  18:11  Raven  
  176  18:17  Hellion x3  
  179  18:25  Refinery  
  179  18:26  Refinery  
  179  18:28  Hellion x2  
  179  18:33  Hellion x2  
  187  18:35  Siege Tank  
  188  19:03  Siege Tank x2  
  188  19:07  Siege Tank x2  
  200  19:19  Planetary Fortress  
  198  19:34  Command Center  
  187  19:40  Siege Tank  
  187  19:41  Siege Tank, Hellion x2  
  191  19:48  Raven x2  
  191  19:49  Raven  
  191  19:56  Siege Tank x2  
  197  20:02  Siege Tank  
  197  20:04  Viking x2  
  192  20:07  Hellion x3  
  198  20:19  Hellion  
  198  20:22  Hellion  
  189  20:31  Raven x3  
  189  20:33  Hellion x2  
  189  20:34  Hellion x3  
  189  20:35  Hellion  
  185  20:41  Hellion  
  184  20:44  Hellion  
  184  20:48  SCV x2  
  184  20:49  SCV  
  189  20:52  Missile Turret  
  189  20:53  Missile Turret  
  189  20:54  Planetary Fortress  
  189  20:55  Hellion, Factory Reactor  
  189  20:56  Missile Turret  
  191  20:58  Hellion x2  
  191  20:59  Hellion x2  
  191  21:00  Terran Infantry Weapons Level 2, Terran Ship Weapons Level 2  
  199  21:05  Nuke  
  199  21:24  Refinery  
  191  21:34  Raven  
  191  21:35  Raven  
  185  21:44  Hellion x4  
  190  21:51  Personal Cloaking  
  190  21:52  Nuke  
  186  21:55  Hellion x4  
  186  21:58  Raven  
  186  22:09  Viking x2  
  186  22:10  Hellion x2  
  186  22:11  Hellion x2  
  198  22:17  Raven  
  198  22:19  Refinery  
  198  22:20  Unknown  
  200  22:26  Hellion x13  
  200  22:41  Raven  
  198  22:45  Hellion  
  190  23:15  Hellion x2  
  190  23:19  Hellion  
  188  23:20  Hellion x2  
  184  23:36  Hellion x2  
  184  23:37  Hellion x2  
  192  23:44  Hellion x2  
  196  23:58  Command Center  
  194  24:08  Hellion  
  194  24:09  Hellion  
  192  24:15  Command Center  
  192  24:16  Refinery  
Tags
 
Add a new tag
Caveats
  • Supply blocks, unpowered buildings, or Contaminate may cause inaccurate times.
  • Supply counts are checked every 10 seconds.